MapleLeafs vs Devils

Created - 11 janvier 2021 at 20:23

Goals
1 2 3 T
MapleLeafs 2 0 2 4
Devils 0 0 0 0
Shots
1 2 3 T
MapleLeafs 14 6 8 28
Devils 7 14 7 28

1st period

1. MapleLeafs , Joel Edmundson 2 (Tyler Johnson 12, Sebastian Aho 32) at 5:37
2. MapleLeafs , Sebastian Aho 19 (Dustin Brown 17) at 7:36

Penalties :
Bryan Little (NJD) for Fighting (Major) at 3:35, Jamie Oleksiak (TOR) for Fighting (Major) at 3:35, Bryan Little (NJD) for instigated a fight (Game Misconduct) at 3:35, Zack Smith (NJD) for Roughing (Minor) at 14:28, Jay Beagle (TOR) for Diving (Minor) at 16:57

2nd period

No Goal

Penalties :
No Penalty

3rd period

3. MapleLeafs , Tyler Johnson 9 (Dustin Brown 18, Sebastian Aho 33) at 0:06
4. MapleLeafs , Cody Ceci 5 (Dustin Brown 19, Sebastian Aho 34) at 4:53 (PP)

Penalties :
Chris Kreider (NJD) for Interference (Minor) at 3:54, Mikhail Sergachev (NJD) for Hooking (Minor) at 4:59, Joel Edmundson (TOR) for Interference (Minor) at 11:59, Damon Severson (NJD) for High sticking (Minor) at 15:49

Goalie Stats

Braden Holtby (TOR), 28 saves from 28 shots - (1,000), W, 12-9-4, 60:00 minutes
Marc-Andre Fleury (NJD), 24 saves from 28 shots - (0,857), L, 12-17-2, 60:00 minutes

Players Stats for MapleLeafs

Player Name              G  A  P  +/- PIM S  H  SB GA TA FO     MP     PP MP  PK MP  
------------------------------------------------------------------------------------
Anton Stralman           0  0  0   1  0   0  3  4  0  0  0/0    23:58   4:38   1:07 
Cody Ceci                1  0  1   1  0   3  2  0  0  0  0/0    26:49   4:38   1:51 
Derrick Pouliot          0  0  0   0  0   0  0  0  0  0  0/0     2:21   0:34   0:43 
Dustin Brown             0  3  3   2  0   3  1  1  0  0  2/4    19:24   4:52   2:11 
Jack Hughes              0  0  0   1  0   1  0  0  0  0  1/2    15:39   0:00   1:45 
Jamie Oleksiak           0  0  0   0  5   0  0  0  0  0  0/0    15:01   1:28   0:45 
Jay Beagle               0  0  0   1  2   0  1  0  0  0  11/15  15:17   0:14   1:10 
Jesper Bratt             0  0  0   1  0   3  0  0  0  0  1/2    15:17   0:01   1:22 
Joel Edmundson           1  0  1   2  2   2  4  1  0  0  0/0    23:59   3:26   1:27 
Kyle Okposo              0  0  0   0  0   2  1  0  0  0  0/0    16:49   4:02   0:00 
Leo Komarov              0  0  0   0  0   0  1  0  0  0  0/0     8:05   0:00   0:00 
Matt Duchene             0  0  0   0  0   2  1  0  0  0  12/20  17:46   4:02   0:57 
Mike Matheson            0  0  0   0  0   1  0  2  0  0  0/0     5:49   1:07   0:25 
Ondrej Palat             0  0  0   0  0   2  1  0  0  0  0/0    17:06   4:02   0:17 
Roope Hintz              0  0  0   0  0   0  0  0  0  0  6/9     8:06   0:01   0:00 
Ryan Murray              0  0  0   2  0   0  0  0  0  0  0/0    21:18   1:59   0:55 
Sebastian Aho            1  3  4   2  0   6  0  0  0  0  15/22  25:05   4:39   0:00 
Tyler Johnson            1  1  2   2  0   3  0  0  0  0  1/2    18:10   4:52   0:57 

Players Stats for Devils

Player Name              G  A  P  +/- PIM S  H  SB GA TA FO     MP     PP MP  PK MP  
------------------------------------------------------------------------------------
Brian Boyle              0  0  0   0  0   0  1  0  0  0  3/6    10:24   0:00   3:33 
Bryan Little             0  0  0   0  17  0  0  0  0  0  0/0     0:32   0:00   0:00 
Cale Makar               0  0  0  -2  0   1  0  1  0  0  0/0    20:22   1:57   0:49 
Chris Kreider            0  0  0   0  2   0  1  1  0  0  0/0    18:50   1:57   1:07 
Damon Severson           0  0  0   0  2   1  1  1  0  0  0/0    21:21   2:01   3:25 
Justin Schultz           0  0  0  -1  0   1  0  2  0  0  0/0    18:05   0:00   4:30 
Mathieu Joseph           0  0  0   0  0   0  0  0  0  0  0/1     6:51   0:00   0:00 
Mike Hoffman             0  0  0  -3  0   2  0  0  0  0  1/3    17:24   2:01   0:20 
Mikhail Sergachev        0  0  0  -2  2   0  1  1  0  0  0/0    17:35   2:01   0:31 
Nicklas Backstrom        0  0  0   0  0   3  0  0  0  0  8/26   18:46   1:57   1:02 
Niklas Hjalmarsson       0  0  0  -1  0   0  2  1  0  0  0/0    20:53   0:00   4:46 
Rocco Grimaldi           0  0  0   0  0   2  0  0  0  0  0/1    12:12   0:00   2:01 
Ryan Suter               0  0  0   0  0   1  1  3  0  0  0/0    21:42   1:57   3:49 
Sam Reinhart             0  0  0  -3  0   3  0  1  0  0  6/19   18:37   2:01   0:00 
T.J. Oshie               0  0  0   0  0   8  0  0  0  0  0/0    18:10   1:57   0:00 
Travis Konecny           0  0  0  -3  0   4  2  0  0  0  0/1    16:19   2:01   0:00 
Tyler Bozak              0  0  0   0  0   0  0  0  0  0  9/19   18:23   0:00   5:23 
Zack Smith               0  0  0   0  2   2  3  0  0  0  0/0    14:34   0:00   4:24 

3 Stars

1 - Braden Holtby (TOR)
2 - Sebastian Aho (TOR)
3 - Dustin Brown (TOR)

Power Play

MapleLeafs - 1 on 5 Attempt(s) - 20,00%
Devils - 0 on 2 Attempt(s) - 0,00%

Penalty Kill

MapleLeafs - 2 on 2 Attempt(s) - 100,00% - Score 0 goal in Penalty Kill
Devils - 4 on 5 Attempt(s) - 80,00% - Score 0 goal in Penalty Kill

Team Stat

MapleLeafs - Hits : 15 - Faceoff Wins : 49 - Blocked Shots : 8 - Penalty Minutes : 9
Devils - Hits : 12 - Faceoff Wins : 27 - Blocked Shots : 11 - Penalty Minutes : 25

Official

Referees : Dan O'Halloran and Tim Peel
Linesman : Greg Devorski and Matt Brady

Game Notes

Bryan Little and Jamie Oleksiak fight to a draw at 3:35 of 1st period
Bryan Little ejected from game at 3:35 of 1st period
Bryan Little from Devils is suspended for 1 game(s)
Mike Matheson is injured at 17:22 of 1st period (Bruised Left Arm)

Finance

Level 1 -- Attendance: 6000 (100,00%) -- Ticket Income 672 000 $
Level 2 -- Attendance: 5000 (100,00%) -- Ticket Income 405 000 $
Level 3 -- Attendance: 2000 (100,00%) -- Ticket Income 160 000 $
Level 4 -- Attendance: 2823 (77,88%) -- Ticket Income 42 345 $
Luxury Box -- Attendance: 1000 (100,00%) -- Ticket Income 195 000 $
Game was played at the Prudential Center.
Total Attendance: 16823 (95,45%)
Total Ticket Income: 1 474 345 $
Other Income: 722 429 $
Total Income: 2 196 774 $

% Time on Ice - MapleLeafs

Lines # - Real PCT - Wanted PCT - Time Play
Normal Forward
1 - 26% - 36% - 12:21
2 - 27% - 28% - 12:47
3 - 30% - 26% - 13:54
4 - 17% - 10% - 8:05
Normal Defense
1 - 32% - 36% - 14:59
2 - 32% - 30% - 15:18
3 - 23% - 20% - 10:54
4 - 13% - 14% - 5:56
PP Forward
1 - 55% - 60% - 4:53
2 - 45% - 40% - 4:02
PP Defense
1 - 52% - 60% - 4:38
2 - 48% - 40% - 4:17
PK Forward
1 - 76% - 60% - 3:01
2 - 24% - 40% - 0:57
PK Defense
1 - 3% - 60% - 0:06
2 - 97% - 40% - 3:52
PK3 Forward
1 - 0% - 60%
2 - 0% - 40%
PK3 Defense
1 - 0% - 60%
2 - 0% - 40%
44 Forward
1 - 0% - 60%
2 - 0% - 40%
44 Defense
1 - 0% - 60%
2 - 0% - 40%
Last Minute Offensive  - 0:00
Last Minute Defensive  - 0:00
Total
Forward - 60:00
Defense - 60:00

% Time on Ice - Devils

Lines # - Real PCT - Wanted PCT - Time Play
Normal Forward
1 - 33% - 34% - 15:47
2 - 30% - 34% - 14:18
3 - 22% - 24% - 10:11
4 - 15% - 8% - 6:51
Normal Defense
1 - 34% - 32% - 15:56
2 - 32% - 30% - 15:04
3 - 29% - 28% - 13:35
4 - 5% - 10% - 2:32
PP Forward
1 - 49% - 60% - 1:57
2 - 51% - 40% - 2:01
PP Defense
1 - 49% - 60% - 1:57
2 - 51% - 40% - 2:01
PK Forward
1 - 77% - 60% - 6:54
2 - 23% - 40% - 2:01
PK Defense
1 - 48% - 60% - 4:19
2 - 52% - 40% - 4:36
PK3 Forward
1 - 0% - 60%
2 - 0% - 40%
PK3 Defense
1 - 0% - 60%
2 - 0% - 40%
44 Forward
1 - 0% - 60%
2 - 0% - 40%
44 Defense
1 - 0% - 60%
2 - 0% - 40%
Last Minute Offensive  - 0:00
Last Minute Defensive  - 0:00
Total
Forward - 60:00
Defense - 60:00

Play-by-Play

1st period


0:01 of 1st period - Sebastian Aho wins face-off versus Nicklas Backstrom in neutral zone.
0:29 of 1st period - Icing by Tyler Johnson.
0:30 of 1st period - Sebastian Aho wins face-off versus Sam Reinhart in MapleLeafs zone.
0:36 of 1st period - Off-side.
0:37 of 1st period - Matt Duchene wins face-off versus Rocco Grimaldi in neutral zone.
0:37 of 1st period - Matt Duchene is hit by Zack Smith.
0:44 of 1st period - Ondrej Palat is hit by Niklas Hjalmarsson and loses puck.
2:28 of 1st period - Shot by Jesper Bratt.
2:28 of 1st period - Stopped by Marc-Andre Fleury with a rebound.
2:30 of 1st period - Shot by Jay Beagle.
2:30 of 1st period - Shot Blocked by Ryan Suter.
2:43 of 1st period - Nicklas Backstrom is hit by Cody Ceci and loses puck.
2:48 of 1st period - Shot by Chris Kreider.
2:48 of 1st period - Deflect By T.J. Oshie.
2:48 of 1st period - Stopped by Braden Holtby with a rebound.
3:09 of 1st period - Off-side.
3:10 of 1st period - Brian Boyle wins face-off versus Roope Hintz in neutral zone.
3:31 of 1st period - Sebastian Aho is hit by Niklas Hjalmarsson and loses puck.
3:35 of 1st period - Bryan Little and Jamie Oleksiak fight to a draw.
3:35 of 1st period - Penalty to Bryan Little for Fighting.
3:35 of 1st period - Penalty to Jamie Oleksiak for Fighting.
3:35 of 1st period - Penalty to Bryan Little for instigated a fight.
3:35 of 1st period - Bryan Little is ejected from game.
3:36 of 1st period - Tyler Bozak wins face-off versus Jay Beagle in Devils zone.
3:48 of 1st period - Off-side.
3:49 of 1st period - Tyler Bozak wins face-off versus Matt Duchene in neutral zone.
5:03 of 1st period - Shot by Dustin Brown.
5:03 of 1st period - Deflect By Sebastian Aho.
5:03 of 1st period - Stopped by Marc-Andre Fleury without a rebound.
5:04 of 1st period - Sebastian Aho wins face-off versus Tyler Bozak in Devils zone.
5:35 of 1st period - Shot by Tyler Johnson.
5:35 of 1st period - Stopped by Marc-Andre Fleury with a rebound.
5:37 of 1st period - Shot by Joel Edmundson.
5:37 of 1st period - Goal by Joel Edmundson - MapleLeafs : 1 - Devils : 0.
5:38 of 1st period - Jay Beagle wins face-off versus Sam Reinhart in neutral zone.
5:45 of 1st period - Shot by Jesper Bratt.
5:45 of 1st period - Shot Blocked by Mikhail Sergachev.
5:54 of 1st period - Off-side.
5:55 of 1st period - Nicklas Backstrom wins face-off versus Matt Duchene in neutral zone.
6:06 of 1st period - Shot by T.J. Oshie.
6:06 of 1st period - Shot Misses the Net.
6:27 of 1st period - Shot by Ondrej Palat.
6:27 of 1st period - Shot Hit the Post.
6:29 of 1st period - Shot by Matt Duchene.
6:29 of 1st period - Shot Misses the Net.
6:31 of 1st period - Shot by Kyle Okposo.
6:31 of 1st period - Stopped by Marc-Andre Fleury with a rebound.
6:53 of 1st period - Mike Hoffman is hit by Jay Beagle and loses puck.
7:04 of 1st period - Shot by Jay Beagle.
7:04 of 1st period - Shot Blocked by Justin Schultz.
7:36 of 1st period - Shot by Sebastian Aho.
7:36 of 1st period - Goal by Sebastian Aho - MapleLeafs : 2 - Devils : 0.
7:37 of 1st period - Roope Hintz wins face-off versus Tyler Bozak in neutral zone.
7:54 of 1st period - Shot by Cody Ceci.
7:54 of 1st period - Stopped by Marc-Andre Fleury without a rebound.
7:55 of 1st period - Tyler Bozak wins face-off versus Matt Duchene in Devils zone.
7:55 of 1st period - Tyler Bozak is hit by Ondrej Palat.
8:22 of 1st period - Shot by Ondrej Palat.
8:22 of 1st period - Stopped by Marc-Andre Fleury with a rebound.
8:48 of 1st period - Shot by Jesper Bratt.
8:48 of 1st period - Stopped by Marc-Andre Fleury without a rebound.
8:49 of 1st period - Sebastian Aho wins face-off versus Travis Konecny in Devils zone.
9:56 of 1st period - Shot by Jack Hughes.
9:56 of 1st period - Stopped by Marc-Andre Fleury without a rebound.
9:57 of 1st period - Matt Duchene wins face-off versus Tyler Bozak in Devils zone.
10:03 of 1st period - Off-side.
10:04 of 1st period - Jay Beagle wins face-off versus Nicklas Backstrom in neutral zone.
10:09 of 1st period - Shot by Joel Edmundson.
10:09 of 1st period - Stopped by Marc-Andre Fleury without a rebound.
10:10 of 1st period - Jay Beagle wins face-off versus Nicklas Backstrom in Devils zone.
10:30 of 1st period - Shot by T.J. Oshie.
10:30 of 1st period - Stopped by Braden Holtby without a rebound.
10:31 of 1st period - Sebastian Aho wins face-off versus Tyler Bozak in MapleLeafs zone.
10:44 of 1st period - Shot by Sebastian Aho.
10:44 of 1st period - Stopped by Marc-Andre Fleury without a rebound.
10:45 of 1st period - Matt Duchene wins face-off versus Sam Reinhart in Devils zone.
10:46 of 1st period - Shot by Ondrej Palat.
10:46 of 1st period - Shot Misses the Net.
10:48 of 1st period - Shot by Ondrej Palat.
10:48 of 1st period - Shot Misses the Net.
11:43 of 1st period - Shot by Rocco Grimaldi.
11:43 of 1st period - Shot Misses the Net.
11:45 of 1st period - Shot by Zack Smith.
11:45 of 1st period - Shot Blocked by Dustin Brown.
11:47 of 1st period - Shot by Cale Makar.
11:47 of 1st period - Shot Misses the Net.
12:13 of 1st period - Shot by Zack Smith.
12:13 of 1st period - Deflect By Rocco Grimaldi.
12:13 of 1st period - Shot Misses the Net.
12:30 of 1st period - Icing by Damon Severson.
12:31 of 1st period - Jay Beagle wins face-off versus Nicklas Backstrom in Devils zone.
12:38 of 1st period - Shot by Jesper Bratt.
12:38 of 1st period - Stopped by Marc-Andre Fleury without a rebound.
12:39 of 1st period - Brian Boyle wins face-off versus Jay Beagle in Devils zone.
13:11 of 1st period - Shot by Sam Reinhart.
13:11 of 1st period - Deflect By Mathieu Joseph.
13:11 of 1st period - Shot Misses the Net.
13:37 of 1st period - Shot by T.J. Oshie.
13:37 of 1st period - Stopped by Braden Holtby with a rebound.
13:39 of 1st period - Shot by T.J. Oshie.
13:39 of 1st period - Stopped by Braden Holtby without a rebound.
13:40 of 1st period - Sebastian Aho wins face-off versus Nicklas Backstrom in MapleLeafs zone.
14:17 of 1st period - Shot by T.J. Oshie.
14:17 of 1st period - Stopped by Braden Holtby with a rebound.
14:19 of 1st period - Shot by Cale Makar.
14:19 of 1st period - Shot Blocked by Mike Matheson.
14:21 of 1st period - Shot by T.J. Oshie.
14:21 of 1st period - Shot Misses the Net.
14:28 of 1st period - Minor Penalty to Zack Smith for Roughing.
14:29 of 1st period - Matt Duchene wins face-off versus Tyler Bozak in Devils zone.
15:35 of 1st period - Shot by Mike Matheson.
15:35 of 1st period - Shot Misses the Net.
15:37 of 1st period - Shot by Mike Matheson.
15:37 of 1st period - Stopped by Marc-Andre Fleury without a rebound.
15:38 of 1st period - Sebastian Aho wins face-off versus Nicklas Backstrom in Devils zone.
15:39 of 1st period - Shot by Tyler Johnson.
15:39 of 1st period - Shot Misses the Net.
16:57 of 1st period - Minor Penalty to Jay Beagle for Diving.
16:58 of 1st period - Nicklas Backstrom wins face-off versus Jack Hughes in MapleLeafs zone.
17:22 of 1st period - Shot by Ryan Suter.
17:22 of 1st period - Shot Blocked by Mike Matheson.
17:22 of 1st period - Mike Matheson from MapleLeafs is injured at 17:22 of 1st period (Bruised Left Arm).
17:23 of 1st period - Dustin Brown wins face-off versus Sam Reinhart in MapleLeafs zone.
17:49 of 1st period - Icing by Damon Severson.
17:50 of 1st period - Jack Hughes wins face-off versus Sam Reinhart in Devils zone.
17:50 of 1st period - Ondrej Palat is hit by Damon Severson and loses puck.
18:10 of 1st period - Shot by Sam Reinhart.
18:10 of 1st period - Stopped by Braden Holtby without a rebound.
18:11 of 1st period - Nicklas Backstrom wins face-off versus Dustin Brown in MapleLeafs zone.
18:44 of 1st period - Shot by T.J. Oshie.
18:44 of 1st period - Stopped by Braden Holtby without a rebound.
18:45 of 1st period - Matt Duchene wins face-off versus Sam Reinhart in MapleLeafs zone.
Goals for this period are 2 for MapleLeafs vs 0 for Devils.
Shots for this period are 14 for MapleLeafs vs 7 for Devils.

2nd period


0:01 of 2nd period - Sebastian Aho wins face-off versus Nicklas Backstrom in neutral zone.
0:34 of 2nd period - Shot by T.J. Oshie.
0:34 of 2nd period - Stopped by Braden Holtby with a rebound.
0:36 of 2nd period - Shot by Chris Kreider.
0:36 of 2nd period - Shot Blocked by Anton Stralman.
0:38 of 2nd period - Shot by Ryan Suter.
0:38 of 2nd period - Shot Blocked by Anton Stralman.
1:08 of 2nd period - Icing by Anton Stralman.
1:09 of 2nd period - Tyler Bozak wins face-off versus Sebastian Aho in MapleLeafs zone.
1:20 of 2nd period - Shot by Zack Smith.
1:20 of 2nd period - Stopped by Braden Holtby without a rebound.
1:21 of 2nd period - Sam Reinhart wins face-off versus Matt Duchene in MapleLeafs zone.
1:47 of 2nd period - Icing by Cale Makar.
1:48 of 2nd period - Sam Reinhart wins face-off versus Jesper Bratt in Devils zone.
1:55 of 2nd period - Shot by Travis Konecny.
1:55 of 2nd period - Stopped by Braden Holtby without a rebound.
1:56 of 2nd period - Jay Beagle wins face-off versus Nicklas Backstrom in MapleLeafs zone.
2:36 of 2nd period - Shot by Kyle Okposo.
2:36 of 2nd period - Stopped by Marc-Andre Fleury without a rebound.
2:37 of 2nd period - Matt Duchene wins face-off versus Sam Reinhart in Devils zone.
2:38 of 2nd period - Shot by Ondrej Palat.
2:38 of 2nd period - Shot Misses the Net.
2:40 of 2nd period - Shot by Kyle Okposo.
2:40 of 2nd period - Deflect By Matt Duchene.
2:40 of 2nd period - Stopped by Marc-Andre Fleury without a rebound.
2:41 of 2nd period - Sebastian Aho wins face-off versus Sam Reinhart in Devils zone.
2:44 of 2nd period - Shot by Tyler Johnson.
2:44 of 2nd period - Shot Blocked by Sam Reinhart.
2:46 of 2nd period - Shot by Anton Stralman.
2:46 of 2nd period - Shot Blocked by Niklas Hjalmarsson.
2:48 of 2nd period - Shot by Anton Stralman.
2:48 of 2nd period - Shot Blocked by Justin Schultz.
3:02 of 2nd period - Shot by Travis Konecny.
3:02 of 2nd period - Shot Misses the Net.
3:04 of 2nd period - Shot by Niklas Hjalmarsson.
3:04 of 2nd period - Shot Misses the Net.
3:06 of 2nd period - Shot by Justin Schultz.
3:06 of 2nd period - Stopped by Braden Holtby with a rebound.
3:08 of 2nd period - Shot by Mike Hoffman.
3:08 of 2nd period - Stopped by Braden Holtby without a rebound.
3:09 of 2nd period - Tyler Bozak wins face-off versus Matt Duchene in MapleLeafs zone.
3:14 of 2nd period - Shot by Cale Makar.
3:14 of 2nd period - Stopped by Braden Holtby without a rebound.
3:15 of 2nd period - Matt Duchene wins face-off versus Nicklas Backstrom in MapleLeafs zone.
3:48 of 2nd period - Shot by Nicklas Backstrom.
3:48 of 2nd period - Stopped by Braden Holtby without a rebound.
3:49 of 2nd period - Mike Hoffman wins face-off versus Sebastian Aho in MapleLeafs zone.
4:04 of 2nd period - Mike Hoffman is hit by Anton Stralman and loses puck.
4:27 of 2nd period - Shot by Dustin Brown.
4:27 of 2nd period - Stopped by Marc-Andre Fleury without a rebound.
4:28 of 2nd period - Jay Beagle wins face-off versus Tyler Bozak in Devils zone.
4:47 of 2nd period - Shot by Zack Smith.
4:47 of 2nd period - Shot Misses the Net.
4:49 of 2nd period - Shot by Damon Severson.
4:49 of 2nd period - Stopped by Braden Holtby without a rebound.
4:50 of 2nd period - Nicklas Backstrom wins face-off versus Matt Duchene in MapleLeafs zone.
5:23 of 2nd period - Shot by T.J. Oshie.
5:23 of 2nd period - Shot Blocked by Anton Stralman.
5:25 of 2nd period - Shot by Nicklas Backstrom.
5:25 of 2nd period - Shot Misses the Net.
5:42 of 2nd period - Off-side.
5:43 of 2nd period - Sam Reinhart wins face-off versus Sebastian Aho in neutral zone.
5:48 of 2nd period - Shot by Travis Konecny.
5:48 of 2nd period - Stopped by Braden Holtby without a rebound.
5:49 of 2nd period - Sam Reinhart wins face-off versus Sebastian Aho in MapleLeafs zone.
5:49 of 2nd period - Sam Reinhart is hit by Joel Edmundson.
5:55 of 2nd period - Shot by Sam Reinhart.
5:55 of 2nd period - Stopped by Braden Holtby without a rebound.
5:56 of 2nd period - Sebastian Aho wins face-off versus Tyler Bozak in MapleLeafs zone.
6:26 of 2nd period - Tyler Bozak is hit by Joel Edmundson and loses puck.
6:31 of 2nd period - Shot by Tyler Bozak.
6:31 of 2nd period - Shot Misses the Net.
6:55 of 2nd period - Shot by Mike Hoffman.
6:55 of 2nd period - Stopped by Braden Holtby without a rebound.
6:56 of 2nd period - Jay Beagle wins face-off versus Nicklas Backstrom in MapleLeafs zone.
7:11 of 2nd period - Shot by Jack Hughes.
7:11 of 2nd period - Shot Misses the Net.
8:25 of 2nd period - Icing by Mike Hoffman.
8:26 of 2nd period - Sam Reinhart wins face-off versus Roope Hintz in Devils zone.
8:40 of 2nd period - Shot by Sebastian Aho.
8:40 of 2nd period - Stopped by Marc-Andre Fleury without a rebound.
8:41 of 2nd period - Sebastian Aho wins face-off versus Tyler Bozak in Devils zone.
9:02 of 2nd period - Shot by Rocco Grimaldi.
9:02 of 2nd period - Stopped by Braden Holtby without a rebound.
9:03 of 2nd period - Matt Duchene wins face-off versus Nicklas Backstrom in MapleLeafs zone.
9:35 of 2nd period - Kyle Okposo is hit by Chris Kreider and loses puck.
10:11 of 2nd period - Justin Schultz is hit by Joel Edmundson and loses puck.
11:46 of 2nd period - Icing by Justin Schultz.
11:47 of 2nd period - Matt Duchene wins face-off versus Tyler Bozak in Devils zone.
11:48 of 2nd period - Shot by Ondrej Palat.
11:48 of 2nd period - Shot Misses the Net.
12:00 of 2nd period - Shot by Ondrej Palat.
12:00 of 2nd period - Deflect By Matt Duchene.
12:00 of 2nd period - Shot Misses the Net.
12:22 of 2nd period - Off-side.
12:23 of 2nd period - Sam Reinhart wins face-off versus Sebastian Aho in neutral zone.
12:37 of 2nd period - Shot by Sebastian Aho.
12:37 of 2nd period - Stopped by Marc-Andre Fleury without a rebound.
12:38 of 2nd period - Jay Beagle wins face-off versus Nicklas Backstrom in Devils zone.
12:38 of 2nd period - Jay Beagle is hit by Mikhail Sergachev.
13:04 of 2nd period - Shot by T.J. Oshie.
13:04 of 2nd period - Deflect By Nicklas Backstrom.
13:04 of 2nd period - Stopped by Braden Holtby without a rebound.
13:05 of 2nd period - Sebastian Aho wins face-off versus Mike Hoffman in MapleLeafs zone.
13:05 of 2nd period - Sebastian Aho is hit by Travis Konecny.
13:18 of 2nd period - Shot by Tyler Johnson.
13:18 of 2nd period - Shot Blocked by Ryan Suter.
13:20 of 2nd period - Shot by Joel Edmundson.
13:20 of 2nd period - Deflect By Tyler Johnson.
13:20 of 2nd period - Shot Misses the Net.
13:26 of 2nd period - Shot by Sebastian Aho.
13:26 of 2nd period - Stopped by Marc-Andre Fleury without a rebound.
13:27 of 2nd period - Matt Duchene wins face-off versus Nicklas Backstrom in Devils zone.
13:56 of 2nd period - Cale Makar is hit by Matt Duchene and loses puck.
14:46 of 2nd period - Shot by Sam Reinhart.
14:46 of 2nd period - Deflect By Mike Hoffman.
14:46 of 2nd period - Shot Misses the Net.
16:02 of 2nd period - Kyle Okposo is hit by Brian Boyle and loses puck.
16:15 of 2nd period - Shot by Sam Reinhart.
16:15 of 2nd period - Stopped by Braden Holtby without a rebound.
16:16 of 2nd period - Nicklas Backstrom wins face-off versus Roope Hintz in MapleLeafs zone.
17:19 of 2nd period - Shot by Kyle Okposo.
17:19 of 2nd period - Shot Misses the Net.
17:27 of 2nd period - Shot by Zack Smith.
17:27 of 2nd period - Shot Blocked by Joel Edmundson.
17:56 of 2nd period - Icing by Ryan Suter.
17:57 of 2nd period - Jay Beagle wins face-off versus Sam Reinhart in Devils zone.
18:26 of 2nd period - Shot by Jack Hughes.
18:26 of 2nd period - Shot Misses the Net.
18:28 of 2nd period - Shot by Jay Beagle.
18:28 of 2nd period - Shot Blocked by Damon Severson.
18:44 of 2nd period - Off-side.
18:45 of 2nd period - Roope Hintz wins face-off versus Brian Boyle in neutral zone.
Goals for this period are 0 for MapleLeafs vs 0 for Devils.
Shots for this period are 6 for MapleLeafs vs 14 for Devils.

3rd period


0:01 of 3rd period - Tyler Johnson wins face-off versus Mike Hoffman in neutral zone.
0:04 of 3rd period - Shot by Sebastian Aho.
0:04 of 3rd period - Deflect By Dustin Brown.
0:04 of 3rd period - Stopped by Marc-Andre Fleury with a rebound.
0:06 of 3rd period - Shot by Tyler Johnson.
0:06 of 3rd period - Goal by Tyler Johnson - MapleLeafs : 3 - Devils : 0.
0:07 of 3rd period - Sebastian Aho wins face-off versus Sam Reinhart in neutral zone.
0:36 of 3rd period - Sam Reinhart is hit by Cody Ceci and loses puck.
0:43 of 3rd period - Shot by Mike Hoffman.
0:43 of 3rd period - Shot Misses the Net.
0:45 of 3rd period - Shot by Travis Konecny.
0:45 of 3rd period - Stopped by Braden Holtby without a rebound.
0:46 of 3rd period - Jay Beagle wins face-off versus Nicklas Backstrom in MapleLeafs zone.
1:35 of 3rd period - Icing by Cale Makar.
1:36 of 3rd period - Matt Duchene wins face-off versus Nicklas Backstrom in Devils zone.
1:45 of 3rd period - Shot by Matt Duchene.
1:45 of 3rd period - Stopped by Marc-Andre Fleury without a rebound.
1:46 of 3rd period - Sebastian Aho wins face-off versus Sam Reinhart in Devils zone.
2:42 of 3rd period - Tyler Bozak is hit by Anton Stralman and loses puck.
2:47 of 3rd period - Shot by Zack Smith.
2:47 of 3rd period - Deflect By Rocco Grimaldi.
2:47 of 3rd period - Stopped by Braden Holtby without a rebound.
2:48 of 3rd period - Brian Boyle wins face-off versus Jay Beagle in MapleLeafs zone.
3:15 of 3rd period - Shot by Jesper Bratt.
3:15 of 3rd period - Shot Blocked by Cale Makar.
3:17 of 3rd period - Shot by Ryan Murray.
3:17 of 3rd period - Shot Misses the Net.
3:22 of 3rd period - Mathieu Joseph is hit by Joel Edmundson and loses puck.
3:51 of 3rd period - Shot by T.J. Oshie.
3:51 of 3rd period - Stopped by Braden Holtby with a rebound.
3:54 of 3rd period - Minor Penalty to Chris Kreider for Interference.
3:55 of 3rd period - Tyler Bozak wins face-off versus Matt Duchene in Devils zone.
4:08 of 3rd period - Kyle Okposo is hit by Zack Smith and loses puck.
4:51 of 3rd period - Shot by Dustin Brown.
4:51 of 3rd period - Stopped by Marc-Andre Fleury with a rebound.
4:53 of 3rd period - Shot by Cody Ceci.
4:53 of 3rd period - Goal by Cody Ceci - MapleLeafs : 4 - Devils : 0.
4:54 of 3rd period - Roope Hintz wins face-off versus Sam Reinhart in neutral zone.
4:54 of 3rd period - Roope Hintz is hit by Travis Konecny.
4:59 of 3rd period - Minor Penalty to Mikhail Sergachev for Hooking.
5:00 of 3rd period - Tyler Bozak wins face-off versus Tyler Johnson in Devils zone.
5:06 of 3rd period - Icing by Dustin Brown.
5:07 of 3rd period - Tyler Bozak wins face-off versus Sebastian Aho in MapleLeafs zone.
5:59 of 3rd period - Shot by Ryan Murray.
5:59 of 3rd period - Shot Blocked by Ryan Suter.
6:07 of 3rd period - Shot by Ondrej Palat.
6:07 of 3rd period - Stopped by Marc-Andre Fleury without a rebound.
6:08 of 3rd period - Matt Duchene wins face-off versus Brian Boyle in Devils zone.
6:13 of 3rd period - Shot by Joel Edmundson.
6:13 of 3rd period - Shot Misses the Net.
6:15 of 3rd period - Shot by Ryan Murray.
6:15 of 3rd period - Shot Misses the Net.
6:31 of 3rd period - Shot by Ondrej Palat.
6:31 of 3rd period - Shot Misses the Net.
7:56 of 3rd period - Sebastian Aho is hit by Ryan Suter.
8:36 of 3rd period - Icing by Leo Komarov.
8:37 of 3rd period - Roope Hintz wins face-off versus Mathieu Joseph in MapleLeafs zone.
9:13 of 3rd period - Icing by Joel Edmundson.
9:14 of 3rd period - Jay Beagle wins face-off versus Tyler Bozak in MapleLeafs zone.
9:14 of 3rd period - Jay Beagle is hit by Zack Smith.
10:31 of 3rd period - Icing by Ryan Suter.
10:32 of 3rd period - Sebastian Aho wins face-off versus Nicklas Backstrom in Devils zone.
10:33 of 3rd period - Shot by Tyler Johnson.
10:33 of 3rd period - Shot Blocked by Chris Kreider.
10:45 of 3rd period - Shot by Chris Kreider.
10:45 of 3rd period - Shot Blocked by Anton Stralman.
10:47 of 3rd period - Shot by Ryan Suter.
10:47 of 3rd period - Stopped by Braden Holtby without a rebound.
10:48 of 3rd period - Roope Hintz wins face-off versus Sam Reinhart in MapleLeafs zone.
11:47 of 3rd period - Tyler Bozak is hit by Leo Komarov and loses puck.
11:58 of 3rd period - Shot by Zack Smith.
11:58 of 3rd period - Stopped by Braden Holtby without a rebound.
11:59 of 3rd period - Nicklas Backstrom wins face-off versus Matt Duchene in MapleLeafs zone.
11:59 of 3rd period - Minor Penalty to Joel Edmundson for Interference.
12:00 of 3rd period - Dustin Brown wins face-off versus Nicklas Backstrom in MapleLeafs zone.
12:19 of 3rd period - Shot by Nicklas Backstrom.
12:19 of 3rd period - Deflect By Chris Kreider.
12:19 of 3rd period - Shot Misses the Net.
13:02 of 3rd period - Shot by Tyler Johnson.
13:02 of 3rd period - Shot Hit the Post.
13:04 of 3rd period - Shot by Tyler Johnson.
13:04 of 3rd period - Stopped by Marc-Andre Fleury with a rebound.
13:55 of 3rd period - Icing by Ryan Suter.
13:56 of 3rd period - Jesper Bratt wins face-off versus Nicklas Backstrom in Devils zone.
13:57 of 3rd period - Shot by Cody Ceci.
13:57 of 3rd period - Stopped by Marc-Andre Fleury without a rebound.
13:58 of 3rd period - Nicklas Backstrom wins face-off versus Dustin Brown in Devils zone.
15:02 of 3rd period - Chris Kreider is hit by Anton Stralman and loses puck.
15:49 of 3rd period - Minor Penalty to Damon Severson for High sticking.
15:50 of 3rd period - Tyler Bozak wins face-off versus Sebastian Aho in Devils zone.
15:50 of 3rd period - Tyler Bozak is hit by Dustin Brown.
17:41 of 3rd period - Shot by Sebastian Aho.
17:41 of 3rd period - Shot Misses the Net.
18:13 of 3rd period - Shot by Travis Konecny.
18:13 of 3rd period - Stopped by Braden Holtby with a rebound.
18:30 of 3rd period - Icing by Cody Ceci.
18:31 of 3rd period - Nicklas Backstrom wins face-off versus Jay Beagle in MapleLeafs zone.
18:47 of 3rd period - Shot by Nicklas Backstrom.
18:47 of 3rd period - Stopped by Braden Holtby without a rebound.
18:48 of 3rd period - Roope Hintz wins face-off versus Brian Boyle in MapleLeafs zone.
19:59 of 3rd period - Nicklas Backstrom is hit by Kyle Okposo and loses puck.
Goals for this period are 2 for MapleLeafs vs 0 for Devils.
Shots for this period are 8 for MapleLeafs vs 7 for Devils.